 Dungeon Crawl Stone Soup version 0.23-a0-636-g0ff6057 (webtiles) character file.

19270 zishaf the Thaumaturge (level 12, -3/91 HPs)
             Began as a Gnoll Wizard on Dec 28, 2018.
             Was a Priest of Ashenzari.
             Killed from afar by an efreet (17 damage)
             ... with a bolt of fire
             ... on level 2 of the Lair of Beasts.
             The game lasted 00:56:17 (20576 turns).

zishaf the Thaumaturge (Gnoll Wizard)              Turns: 20576, Time: 00:56:17

Health: -3/91      AC: 22    Str: 13    XL:     12   Next: 67%
Magic:  20/26      EV: 18    Int: 24    God:    Ashenzari [***...]
Gold:   939        SH:  6    Dex: 15    Spells: 15/31 levels left

rFire    . . .     SeeInvis +   a - +3 dagger (venom)
rCold    . . .     Gourm    .   g - +0 buckler {AC+3}
rNeg     + . .     Faith    .   F - +0 steam dragon scales
rPois    .         Spirit   .   J - +0 helmet
rElec    .         Reflect  .   Q - +0 cloak (curse)
rCorr    .         Harm     .   j - +0 pair of gloves
MR       .....                  C - +2 pair of boots "Miemp" {rN+}
Stlth    ++++......             L - amulet of magic regeneration (curse)
HPRegen  0.25/turn              s - +5 ring of protection (curse)
MPRegen  0.45/turn              P - +3 ring of strength (curse)

@: no status effects
A: distributed training, fangs 1, strong nose
a: Curse Item, Scrying, Renounce Religion


You were on level 2 of the Lair of Beasts.
You worshipped Ashenzari.
Ashenzari was most pleased with you.
You were not hungry.

You visited 2 branches of the dungeon, and saw 14 of its levels.
You also visited: Sewer and Volcano.

You collected 939 gold pieces.

Inventory:

Hand Weapons
 a - a +3 dagger of venom (weapon)
 b - a +4 hunting sling
Missiles
 f - 116 sling bullets
 m - 358 stones (quivered)
Armour
 g - a +0 buckler of protection (worn)
 j - a +0 pair of gloves (worn)
 C - the +2 pair of boots "Miemp" (worn) {rN+}
   (You found it on level 5 of the Dungeon)

   It protects you from negative energy.
 F - +0 steam dragon scales (worn)
 J - a +0 helmet (worn)
 Q - a cursed +0 cloak (worn)
 V - the +7 chain mail of the Salmon {rF++ MR- Regen+ Dex-2}
   (You found it on level 2 of the Lair of Beasts)

   It affects your dexterity (-2).
   It greatly protects you from fire.
   It affects your resistance to hostile enchantments.
   It increases your rate of regeneration.
Jewellery
 s - a cursed +5 ring of protection (left hand)
 y - an uncursed ring of ice
 L - a cursed amulet of magic regeneration (around neck)
 P - a cursed +3 ring of strength (right hand)
 R - an uncursed ring of positive energy
 U - an uncursed amulet of the acrobat
Wands
 l - a wand of flame (6)
 r - a wand of paralysis (15)
 t - a wand of iceblast (19)
 A - a wand of digging (8)
 H - a wand of polymorph (7)
 S - a wand of scattershot (5)
Scrolls
 c - 3 scrolls of noise
 e - a scroll of fog
 o - 3 scrolls of enchant weapon
 p - 2 scrolls of teleportation
 u - 3 scrolls of immolation
 w - a scroll of enchant armour
 E - 3 scrolls of magic mapping
 G - a scroll of blinking
 M - 3 scrolls of fear
 N - a scroll of identify
 O - a scroll of amnesia
 W - 2 scrolls of remove curse
Potions
 h - 8 potions of heal wounds
 i - 3 potions of resistance
 k - 3 potions of berserk rage
 n - 2 potions of cancellation
 q - 3 potions of curing
 v - 4 potions of flight
 x - a potion of agility
 z - 3 potions of haste
 B - 4 potions of invisibility
 D - 4 potions of brilliance
 X - 2 potions of magic
Miscellaneous
 I - a phantom mirror
 K - a lightning rod (4/4)
Comestibles
 d - 18 rations


   Skills:
 + Level 7.4 Fighting
 + Level 7.4 Short Blades
 + Level 7.4 Long Blades
 + Level 7.4 Axes
 + Level 7.4 Maces & Flails
 + Level 7.4 Polearms
 + Level 7.4 Staves
 + Level 7.4 Slings
 + Level 7.4 Bows
 + Level 7.4 Crossbows
 + Level 7.4 Throwing
 + Level 7.4 Armour
 + Level 8.8 Dodging
 + Level 8.5 Stealth
 + Level 7.4 Shields
 + Level 7.4 Unarmed Combat
 + Level 10.2 Spellcasting
 + Level 6.5(9.5) Conjurations
 + Level 6.1(9.1) Hexes
 + Level 6.1(9.1) Charms
 + Level 6.5(9.5) Summonings
 + Level 6.1(9.1) Necromancy
 + Level 6.5(9.5) Translocations
 + Level 6.1(9.1) Transmutations
 + Level 6.1(9.1) Fire Magic
 + Level 6.1(9.1) Ice Magic
 + Level 6.1(9.1) Air Magic
 + Level 6.1(9.1) Earth Magic
 + Level 6.1(9.1) Poison Magic
 + Level 8.1 Invocations
 + Level 7.4(10.3) Evocations


You had 15 spell levels left.
You knew the following spells:

 Your Spells              Type           Power        Failure   Level  Hunger
a - Magic Dart            Conj           ####         1%          1    None
b - Call Imp              Summ           ######..     1%          2    None
c - Conjure Flame         Conj/Fire      ######..     1%          3    None
d - Blink                 Tloc           N/A          1%          2    None
e - Fireball              Conj/Fire      ######....   3%          5    ####...
z - Mephitic Cloud        Conj/Pois/Air  ######..     1%          3    None

Your spell library contained the following spells:

 Spells                   Type           Power        Failure   Level  Hunger
 Beastly Appendage        Tmut           ######       1%          1    None
 Flame Tongue             Conj/Fire      #####        1%          1    None
 Slow                     Hex            ######..     1%          2    None
 Sticks to Snakes         Tmut           ######..     1%          2    None
 Throw Flame              Conj/Fire      ######       1%          2    None
 Inner Flame              Hex/Fire       ######..     1%          3    None
 Spider Form              Tmut/Pois      ######....   1%          3    None
 Ice Form                 Ice/Tmut       ######..     1%          4    #......
 Sticky Flame             Conj/Fire      ######..     1%          4    #......
 Blade Hands              Tmut           ######....   3%          5    ####...


Dungeon Overview and Level Annotations

Branches:
Dungeon (12/15)            Temple (0/1) D:6            Lair (2/6) D:10
    Orc (0/2) D:10
  Swamp: Lair:2-4    Shoals: Lair:2-4     Snake: Lair:2-4    Spider: Lair:2-4

Altars:
Ashenzari
Cheibriados
Hepliaklqana
Nemelex Xobeh
Ru
Sif Muna
Vehumet
Wu Jian
Xom
Yredelemnul
Zin


Innate Abilities, Weirdness & Mutations

Your experience applies equally to all skills.
You have very sharp teeth.
Your uncanny sense of smell can sniff out nearby items.


Message History

Casting: Magic Dart (safe; 1% risk of failure)
Confirm with . or Enter, or press ? or * to list all spells.
Aiming: Magic Dart (safe; 1% risk of failure)
Press: ? - help, Shift-Dir - straight line, f/p - efreet
Aim: an efreet, wielding a +0 scimitar of flaming (almost dead, poisoned)
The magic dart hits the efreet.
The efreet is almost dead.
Your crimson imp hits the efreet but does no damage.
The efreet hits your crimson imp with a +0 scimitar of flaming!
Casting: Magic Dart (safe; 1% risk of failure)
Confirm with . or Enter, or press ? or * to list all spells.
Aiming: Magic Dart (safe; 1% risk of failure)
Press: ? - help, Shift-Dir - straight line, f/p - efreet
Aim: an efreet, wielding a +0 scimitar of flaming (almost dead, poisoned)
The magic dart hits the efreet.
The efreet is almost dead.
Your crimson imp barely misses the efreet.
The efreet gestures at you. The bolt of fire hits you!
You die...

..............†...........,,,,,,,
..........................,,,,,,,
#.#+#.P..................#,,*,,PP
.............#..#.......##,*,*,**
......P.....###...###.....,,,,,,,
............#*#.#.##*...##,,,,,,,
.............##....#*,..#,,,,,,,,
......#.....###...##*,..#,,,,,,,,
......P.....P###@## *,,,,,,,,,,,,
.#.##.P..5.P#*##.####..,,**,,,,*,
............###.........,*******,
..........(...R.........,,,,,,,,,
..............5....>....,,,,,,,,,
........................,,,,,,,,,
........................,,**,*,*,
##P.P##.................,****,**,
##..###.......P....P#...,,+,,,,*,


You could see an efreet and a friendly crimson imp.

Vanquished Creatures
  A hydra (Lair:1)
  A two-headed ogre (D:10)
  Nergalle (D:10)
  The ghost of dcsswall the Ducker, a novice DrAE (D:6)
  An oklob plant (Lair:1)
  A manticore (D:11)
  A molten gargoyle (Lair:2)
  3 elephants (Lair:2)
  A spiny frog (Lair:1)
  4 komodo dragons
  A queen bee (D:10)
  A troll (D:10)
  A harpy zombie (D:11)
  12 blink frogs
  3 hippogriffs
  A wraith (D:10)
  17 yaks
  A fire elemental (Volcano)
  2 wyverns
  2 hungry ghosts (D:10)
  2 steam dragons (D:6)
  An acid dragon (D:11)
  A water moccasin (D:11)
  3 porcupines
  5 orc warriors
  6 sky beasts
  An ice beast (D:11)
  A hornet zombie (D:7)
  2 black bears (D:10)
  3 phantoms
  3 crocodiles
  8 centaurs
  2 big kobolds
  9 bullfrogs
  A wyvern zombie (D:10)
  A scorpion (D:10)
  24 killer bees
  2 wights (D:9)
  5 crimson imps
  A bullfrog zombie (D:7)
  2 quasits (Sewer)
  A centaur zombie (D:5)
  A jelly (D:11)
  5 orc priests
  3 bullfrog skeletons
  A hound (D:10)
  12 orc wizards
  2 centaur skeletons
  4 iguanas
  Ijyb (D:3)
  Terence (D:3)
  2 worker ants (D:11)
  A statue (D:6)
  7 ogre zombies (D:10)
  2 big kobold zombies (Sewer)
  A hound zombie (D:7)
  3 hound skeletons
  7 adders
  3 shadow imps (Sewer)
  4 ufetubi (Sewer)
  2 oozes
  An adder zombie (Sewer)
  A worm (D:2)
  4 dart slugs
  10 leopard geckos
  43 orcs
  16 bats
  A bat zombie (Sewer)
  10 giant cockroaches
  8 hobgoblins
  6 jackals
  8 quokkas
  A ball python (Sewer)
  10 frilled lizards
  9 goblins
  A goblin skeleton (D:10)
  A goblin zombie (D:10)
  A hobgoblin skeleton (D:10)
  3 hobgoblin zombies (D:10)
  25 kobolds
  5 orc skeletons (D:10)
  13 orc zombies (D:10)
  A quokka skeleton (D:6)
  2 quokka zombies
  16 rats
  2 plants (D:10)
400 creatures vanquished.

Vanquished Creatures (collateral kills)
  A hydra (Lair:2)
  Grinder (Sewer)
  2 hippogriffs
  A blink frog (Lair:2)
  A fire elemental (Volcano)
  A sky beast (D:10)
  An ogre (D:5)
  A phantom (D:4)
  2 killer bees (D:10)
  A wight (D:9)
  A hound (D:8)
  An orc priest (D:8)
  2 worker ants
  An adder (D:5)
  An adder zombie (D:8)
  4 orcs
  A kobold (D:10)
  An orc zombie (D:10)
  A fire vortex (Volcano)
25 creatures vanquished.

Vanquished Creatures (others)
  An ooze (Sewer)
  A fire vortex (Volcano)
  19 fungi
  6 plants
27 creatures vanquished.

Grand Total: 452 creatures vanquished

Notes
Turn   | Place    | Note
-------+----------+-------------------------------------------
     0 | D:1      | zishaf the Gnoll Wizard began the quest for the Orb.
     0 | D:1      | Reached XP level 1. HP: 13/13 MP: 8/8
   186 | D:1      | Reached XP level 2. HP: 19/19 MP: 7/10
   403 | D:1      | Reached XP level 3. HP: 14/25 MP: 3/11
   914 | D:1      | Reached skill level 1 in Invocations
  1250 | D:2      | Reached skill level 1 in Fighting
  1250 | D:2      | Reached skill level 1 in Short Blades
  1250 | D:2      | Reached skill level 1 in Long Blades
  1250 | D:2      | Reached skill level 1 in Axes
  1250 | D:2      | Reached skill level 1 in Maces & Flails
  1250 | D:2      | Reached skill level 1 in Polearms
  1250 | D:2      | Reached skill level 1 in Staves
  1250 | D:2      | Reached skill level 1 in Slings
  1250 | D:2      | Reached skill level 1 in Bows
  1250 | D:2      | Reached skill level 1 in Crossbows
  1250 | D:2      | Reached skill level 1 in Throwing
  1250 | D:2      | Reached skill level 1 in Armour
  1250 | D:2      | Reached skill level 1 in Shields
  1250 | D:2      | Reached skill level 1 in Unarmed Combat
  1250 | D:2      | Reached skill level 1 in Evocations
  1259 | D:1      | Learned a level 2 spell: Call Imp
  1262 | D:1      | Learned a level 2 spell: Blink
  1266 | D:1      | Learned a level 3 spell: Conjure Flame
  1270 | D:1      | Learned a level 3 spell: Mephitic Cloud
  1342 | D:2      | Reached XP level 4. HP: 32/32 MP: 13/13
  2059 | D:2      | Reached skill level 1 in Hexes
  2059 | D:2      | Reached skill level 1 in Charms
  2059 | D:2      | Reached skill level 1 in Necromancy
  2059 | D:2      | Reached skill level 1 in Transmutations
  2059 | D:2      | Reached skill level 1 in Fire Magic
  2059 | D:2      | Reached skill level 1 in Ice Magic
  2059 | D:2      | Reached skill level 1 in Air Magic
  2059 | D:2      | Reached skill level 1 in Earth Magic
  2059 | D:2      | Reached skill level 1 in Poison Magic
  2066 | D:2      | Reached XP level 5. HP: 25/37 MP: 11/14
  2266 | D:3      | Noticed Terence
  2279 | D:3      | Killed Terence
  2423 | D:3      | Noticed Ijyb
  2435 | D:3      | Killed Ijyb
  2675 | D:3      | Found a glowing drain.
  2685 | D:3      | Reached XP level 6. HP: 37/44 MP: 9/16
  2692 | Sewer    | Entered a sewer
  3044 | Sewer    | Reached skill level 5 in Dodging
  3083 | Sewer    | Noticed Grinder
  3246 | Sewer    | Killed Grinder
  3246 | Sewer    | Reached XP level 7. HP: 30/50 MP: 10/18
  3525 | Sewer    | Found a burning altar of Makhleb.
  4712 | D:4      | Found a shimmering altar of Xom.
  4843 | D:4      | Reached skill level 5 in Stealth
  5392 | D:4      | Reached XP level 8. HP: 48/57 MP: 19/19
  5508 | D:5      | Entered Level 5 of the Dungeon
  5761 | D:5      | Got a pair of transparent boots
  5767 | D:5      | Identified the +2 pair of boots "Miemp" {rN+} (You found it
                  | on level 5 of the Dungeon)
  5848 | D:5      | Found a snail-covered altar of Cheibriados.
  5880 | D:5      | Found a sparkling altar of Nemelex Xobeh.
  5880 | D:5      | Found a hazy altar of Hepliaklqana.
  5880 | D:5      | Found a sacrificial altar of Ru.
  5886 | D:5      | Found a shattered altar of Ashenzari.
  5886 | D:5      | Found a glowing silver altar of Zin.
  5907 | D:5      | Became a worshipper of Ashenzari the Shackled
  6032 | D:5      | Found a basalt altar of Yredelemnul.
  6123 | D:6      | Found a large runed door.
  6123 | D:6      | Found a large runed door.
  6125 | D:6      | Noticed dcsswall's ghost (novice DrAE)
  6896 | D:6      | Reached skill level 8 in Spellcasting
  7184 | D:6      | Found a radiant altar of Vehumet.
  7465 | D:6      | Found a staircase to the Ecumenical Temple.
  7501 | D:6      | Found a deep blue altar of Sif Muna.
  7880 | D:6      | Killed dcsswall's ghost
  7880 | D:6      | Reached XP level 9. HP: 39/65 MP: 7/21
  8724 | D:7      | Found an ornate altar of the Wu Jian Council.
 10024 | D:8      | Reached skill level 5 in Invocations
 10074 | D:8      | Reached * piety under Ashenzari
 10385 | D:8      | Found a hazy altar of Hepliaklqana.
 10466 | D:8      | Reached XP level 10. HP: 73/73 MP: 15/22
 11165 | D:9      | Reached skill level 5 in Fighting
 11165 | D:9      | Reached skill level 5 in Short Blades
 11165 | D:9      | Reached skill level 5 in Long Blades
 11165 | D:9      | Reached skill level 5 in Axes
 11165 | D:9      | Reached skill level 5 in Maces & Flails
 11165 | D:9      | Reached skill level 5 in Polearms
 11165 | D:9      | Reached skill level 5 in Staves
 11165 | D:9      | Reached skill level 5 in Slings
 11165 | D:9      | Reached skill level 5 in Bows
 11165 | D:9      | Reached skill level 5 in Crossbows
 11165 | D:9      | Reached skill level 5 in Throwing
 11165 | D:9      | Reached skill level 5 in Armour
 11165 | D:9      | Reached skill level 5 in Shields
 11165 | D:9      | Reached skill level 5 in Unarmed Combat
 11165 | D:9      | Reached skill level 5 in Evocations
 11749 | D:10     | Entered Level 10 of the Dungeon
 12143 | D:10     | Noticed a two-headed ogre
 12152 | D:10     | Reached skill level 9 in Spellcasting
 12163 | D:10     | Killed a two-headed ogre
 12163 | D:10     | Reached skill level 5 in Conjurations
 12163 | D:10     | Reached skill level 5 in Summonings
 12163 | D:10     | Reached skill level 5 in Translocations
 12735 | D:10     | Reached XP level 11. HP: 79/81 MP: 20/24
 12809 | D:10     | Found a staircase to the Orcish Mines.
 12852 | D:10     | Noticed Nergalle
 13834 | D:10     | Reached skill level 5 in Hexes
 13834 | D:10     | Reached skill level 5 in Charms
 13834 | D:10     | Reached skill level 5 in Necromancy
 13834 | D:10     | Reached skill level 5 in Transmutations
 13834 | D:10     | Reached skill level 5 in Fire Magic
 13834 | D:10     | Reached skill level 5 in Ice Magic
 13834 | D:10     | Reached skill level 5 in Air Magic
 13834 | D:10     | Reached skill level 5 in Earth Magic
 13834 | D:10     | Reached skill level 5 in Poison Magic
 14233 | D:10     | Killed Nergalle
 14519 | D:10     | Found a staircase to the Lair.
 14659 | D:11     | Noticed a manticore
 14686 | D:11     | Killed a manticore
 14914 | D:11     | Learned a level 5 spell: Fireball
 16329 | Lair:1   | Entered Level 1 of the Lair of Beasts
 16737 | Lair:1   | Reached XP level 12. HP: 64/89 MP: 17/25
 16755 | D:10     | HP: 3/89 [hippogriff (5)]
 17566 | Lair:1   | Reached ** piety under Ashenzari
 17734 | Lair:1   | Reached skill level 10 in Spellcasting
 17985 | Lair:1   | Noticed a four-headed hydra
 18008 | Lair:1   | Killed a four-headed hydra
 18522 | Lair:2   | Found a dark tunnel.
 18531 | Volcano  | Entered a volcano
 19498 | Lair:2   | Got the uncursed chain mail of the Salmon {rF++ MR- Regen+
                  | Dex-2}
 19616 | Lair:2   | Reached *** piety under Ashenzari
 20380 | Lair:2   | Noticed a five-headed hydra
 20400 | Lair:2   | Killed a five-headed hydra
 20576 | Lair:2   | Killed from afar by an efreet

Vault maps used:
D:1:      elethiomel_arrival_diamonds
D:3:      portal_sewer_entry_d, uniq_ijyb, uniq_terence
D:4:      lemuel_doored_altar, first_ration
D:5:      minmay_overflow_temple_hex, basic_altar
D:6:      kennysheep_steamy, vehumet_statue, kennysheep_little_box,
          minmay_temple_entry_arrows, ebering_ghost_disaster_area
D:7:      old_standard_altar
D:8:      basic_altar
D:10:     grunt_lair_entry_orc_guard_hut, zombieorc2_lemuel, david_nohive_1,
          uniq_nergalle
D:12:     minmay_the_grid_net
Lair:1:   grunt_megastairs_2, minmay_lair_oklob_chamber
Lair:2:   lightli_volcano_entry_magma_tube, patterned_corridor
Sewer:    kennysheep_sewer_church
Volcano:  volcano_aerie

Skill      XL: |  1  2  3  4  5  6  7  8  9 10 11 12 |
---------------+-------------------------------------+-----
Conjurations   | 2 3 4 5 6 |  6.5
Summonings     | 2 3 4 5 6 |  6.5
Translocations | 2 3 4 5 6 |  6.5
Invocations    | 1 2 3 4 5 6 7 8 |  8.1
Fighting       | 1 2 3 4 5 6 7 |  7.4
Short Blades   | 1 2 3 4 5 6 7 |  7.4
Long Blades    | 1 2 3 4 5 6 7 |  7.4
Axes           | 1 2 3 4 5 6 7 |  7.4
Maces & Flails | 1 2 3 4 5 6 7 |  7.4
Polearms       | 1 2 3 4 5 6 7 |  7.4
Staves         | 1 2 3 4 5 6 7 |  7.4
Slings         | 1 2 3 4 5 6 7 |  7.4
Bows           | 1 2 3 4 5 6 7 |  7.4
Crossbows      | 1 2 3 4 5 6 7 |  7.4
Throwing       | 1 2 3 4 5 6 7 |  7.4
Armour         | 1 2 3 4 5 6 7 |  7.4
Shields        | 1 2 3 4 5 6 7 |  7.4
Unarmed Combat | 1 2 3 4 5 6 7 |  7.4
Evocations     | 1 2 3 4 5 6 7 |  7.4
Hexes          | 1 2 3 4 5 6 |  6.1
Charms         | 1 2 3 4 5 6 |  6.1
Necromancy     | 1 2 3 4 5 6 |  6.1
Transmutations | 1 2 3 4 5 6 |  6.1
Fire Magic     | 1 2 3 4 5 6 |  6.1
Ice Magic      | 1 2 3 4 5 6 |  6.1
Air Magic      | 1 2 3 4 5 6 |  6.1
Earth Magic    | 1 2 3 4 5 6 |  6.1
Poison Magic   | 1 2 3 4 5 6 |  6.1
Dodging        | 5 6 7 8 |  8.8
Stealth        | 5 6 7 8 |  8.5
Spellcasting   | 8 9 10 | 10.2

Action                   |  1- 3 |  4- 6 |  7- 9 | 10-12 || total
-------------------------+-------+-------+-------+-------++-------
Melee: Dagger            |    63 |   192 |   385 |   561 ||  1201
       Bite              |     3 |    17 |    34 |    52 ||   106
       Punch             |       |       |     5 |     9 ||    14
 Fire: Hunting sling     |       |     4 |    13 |   440 ||   457
 Cast: Magic Dart        |    32 |    41 |   128 |   138 ||   339
       Mephitic Cloud    |       |     4 |     8 |    43 ||    55
       Call Imp          |       |     4 |    70 |    95 ||   169
       Conjure Flame     |       |       |     2 |    36 ||    38
       Fireball          |       |       |       |    10 ||    10
Invok: Curse Item        |       |       |     1 |     2 ||     3
  Use: Scroll            |       |       |    14 |    11 ||    25
       Potion            |       |       |       |     4 ||     4
 Stab: Sleeping          |     8 |     9 |     7 |     3 ||    27
       Distracted        |       |     1 |     4 |     2 ||     7
       Confused          |       |     6 |     3 |    28 ||    37
  Eat: Chunk             |     1 |     6 |    13 |    22 ||    42
       Ration            |       |       |     3 |     4 ||     7
Armor: Robe              |    11 |    49 |   128 |       ||   188
       Steam dragon scal |       |       |    21 |   189 ||   210
       Skin              |       |       |       |    31 ||    31
Dodge: Dodged            |    31 |   168 |   360 |   444 ||  1003
Block: Buckler           |       |       |       |    24 ||    24

Table legend:
 A = Non-vault XP
 B = Vault XP
 C = Vault XP percentage of total XP
 D = Non-vault monster count
 E = Vault monster count
 F = Vault count percentage of total count
                 A         B        C        D         E       F
            +---------+---------+-------+---------+---------+-------
      Total |   20355 |    7174 |  26.1 |     308 |     114 |  27.0
            +---------+---------+-------+---------+---------+-------
        D:1 |      64 |       9 |  12.3 |      36 |       7 |  16.3
        D:2 |      93 |       0 |   0.0 |      32 |       0 |   0.0
        D:3 |      78 |      87 |  52.7 |      20 |       3 |  13.0
        D:4 |     419 |       0 |   0.0 |      21 |       0 |   0.0
        D:5 |     316 |       0 |   0.0 |      13 |       0 |   0.0
        D:6 |     364 |     957 |  72.4 |       9 |       4 |  30.8
        D:7 |     922 |       0 |   0.0 |      26 |       0 |   0.0
        D:8 |    1156 |       0 |   0.0 |      24 |       0 |   0.0
        D:9 |     775 |       0 |   0.0 |      17 |       0 |   0.0
       D:10 |    4494 |    3484 |  43.7 |      41 |      59 |  59.0
       D:11 |    2679 |       0 |   0.0 |      29 |       0 |   0.0
       D:12 |     408 |       0 |   0.0 |       7 |       0 |   0.0
     Lair:1 |    3829 |    1601 |  29.5 |      14 |       5 |  26.3
     Lair:2 |    4758 |     307 |   6.1 |      19 |       1 |   5.0
      Sewer |       0 |     469 | 100.0 |       0 |      33 | 100.0
    Volcano |       0 |     260 | 100.0 |       0 |       2 | 100.0
            +---------+---------+-------+---------+---------+-------
